 Dungeon Crawl Stone Soup version 0.28.0 (webtiles) character file.

Game seed: 12942499389519117500

30 oldriver the Vandal (level 3, 0/29 HPs)
             Began as a Formicid Hunter on Feb 12, 2022.
             Slain by an adder (4 damage)
             ... on level 2 of the Dungeon.
             The game lasted 00:01:29 (1596 turns).

oldriver the Vandal (Formicid Hunter)               Turns: 1596, Time: 00:01:29

Health: 0/29       AC:  4    Str: 18    XL:     3   Next: 35%
Magic:  3/3        EV: 10    Int: 10    God:
Gold:   71         SH:  6    Dex: 11    Spells: 2/2 levels left

rFire   + . .      SeeInvis +   a - +1 hunting sling
rCold   . . .      Faith    .   m - +0 kite shield
rNeg    . . .      Spirit   .   c - +0 leather armour
rPois   .          Reflect  .   (helmet unavailable)
rElec   .          Harm     .   (no cloak)
rCorr   +          Rampage  .   (no gloves)
Will    .....                   l - +0 pair of boots
Stlth   +.........              (no amulet)
HPRegen 0.09/turn               k - ring of resist corrosion
MPRegen 0.08/turn               e - ring of protection from fire

@: lethally poisoned (0 -> -3)
A: permanent stasis, dig shafts and tunnels, antennae 3, four strong arms
a: Dig, Shaft Self


You were on level 2 of the Dungeon.
You visited 1 branch of the dungeon, and saw 2 of its levels.

You collected 71 gold pieces.

Inventory:

Hand Weapons
 a - a +1 hunting sling (weapon)
 b - a +0 short sword
Missiles
 d - 10 sling bullets (quivered ammo)
 i - 46 stones
Armour
 c - a +0 leather armour (worn)
 l - a +0 pair of boots (worn)
 m - a +0 kite shield (worn)
Jewellery
 e - a ring of protection from fire (right hand)
 k - a ring of resist corrosion (left hand)
Scrolls
 g - a scroll of immolation {unknown}
 h - a scroll of fear {unknown}
 n - a scroll of vulnerability {unknown}
 o - a scroll of silence {unknown}
Potions
 f - a potion of degeneration {unknown}
 j - a potion of curing {unknown}


   Skills:
 + Level 3.1 Fighting
 + Level 5.0 Slings
 - Level 1.7 Dodging
 - Level 1.2 Stealth


You had 2 spell levels left.
You didn't know any spells.
Your spell library contained the following spells:

 Spells                   Type           Power      Damage    Failure   Level
 Shock                    Conj/Air       0%         1d3       77%         1
 Ensorcelled Hibernation  Hex/Ice        0%         N/A       88%         2
 Spider Form              Tmut/Pois      0%         N/A       98%         3
 Airstrike                Air            0%         N/A       100%        4
 Anguish                  Hex/Necr       0%         N/A       100%        4
 Swiftness                Air            Unusable   N/A       N/A         3

Dungeon Overview and Level Annotations

Branches:
Dungeon (2/15)

Altars:


Innate Abilities, Weirdness & Mutations

You cannot be hasted, slowed, berserked, paralysed or teleported.
You can dig through walls and to a lower floor.
You have a pair of large antennae on your head. (SInv)
Your four strong arms can wield two-handed weapons with a shield.


Message History

You are too injured to fight recklessly!
Unknown command.
You are too injured to fight recklessly!
You are too injured to fight recklessly!
You are too injured to fight recklessly!
Fire: 15 sling bullets
Press: ? - help, Q - select action, (/) - cycle Shift-Dir - straight line, f/p - adder
Aim: an adder (42% to hit)
You shoot a sling bullet. The sling bullet misses the adder.
You feel sick. You block the adder's attack.
Unknown command.
Fire: 14 sling bullets
Press: ? - help, Q - select action, (/) - cycle Shift-Dir - straight line, f/p - adder
Aim: an adder (42% to hit)
You shoot a sling bullet. The sling bullet hits the adder.
The adder is moderately wounded.
You feel very sick. You block the adder's attack.
Fire: 13 sling bullets
Press: ? - help, Q - select action, (/) - cycle Shift-Dir - straight line, f/p - adder
Aim: an adder (moderately wounded, 42% to hit)
You shoot a sling bullet.
The sling bullet closely misses the adder.
You feel sick. The adder barely misses you. The adder closely misses you.
Fire: 12 sling bullets
Press: ? - help, Q - select action, (/) - cycle Shift-Dir - straight line, f/p - adder
Aim: an adder (moderately wounded, 42% to hit)
You shoot a sling bullet.
The sling bullet closely misses the adder.
* * * LOW HITPOINT WARNING * * *
You feel sick. The adder bites you.
* * * LOW HITPOINT WARNING * * *
Fire: 11 sling bullets
Press: ? - help, Q - select action, (/) - cycle Shift-Dir - straight line, f/p - adder
Aim: an adder (moderately wounded, 42% to hit)
You shoot a sling bullet. The sling bullet hits the adder.
The adder is severely wounded.
* * * LOW HITPOINT WARNING * * *
You feel sick. The adder bites you but does no damage. The adder bites you.
You die...

......... #.#######
#.#.....# #. #.#.###.#
#. ....# #.# #. ....#
#†# ##.### ....# #.#
#....##### ....# #.#
#....S(..# ...<# #†#
#...@# ...####.#
#....# ........##
#....# .........#
#....# .........#
#....# .........#
#....# # .........#
#....# .# .........#
#..÷÷###.#
.........####........#


You could see an adder.

Vanquished Creatures
  An adder (D:2)
  A worm (D:2)
  A dart slug (D:2)
  4 ball pythons (D:1)
  2 hobgoblins
  2 jackals (D:2)
  A quokka (D:2)
  3 kobolds (D:1)
  3 rats
18 creatures vanquished.

Notes
Turn   | Place    | Note
-------+----------+-------------------------------------------
     0 | D:1      | oldriver the Formicid Hunter began the quest for the Orb.
     0 | D:1      | Reached XP level 1. HP: 16/16 MP: 1/1
   548 | D:1      | Reached XP level 2. HP: 23/23 MP: 2/2
   561 | D:1      | Found a faded altar of an unknown god.
  1321 | D:2      | Reached XP level 3. HP: 20/29 MP: 3/3
  1334 | D:2      | Reached skill level 5 in Slings
  1596 | D:2      | Slain by an adder

Illustrated notes

Levels and vault maps discovered:
D:1:      kilobyte_arrival_exit_the_forest, layout_basic,
          basic_ecumenical_altar, minmay_strange_pillars, nrook_loot_triangle,
          dk_noncrumbling_4
D:2:      layout_basic

Skill      XL: |  1  2  3 |
---------------+----------+-----
Fighting       | 3 |  3.1
Slings         | 5 |  5.0
Dodging        | |  1.7
Stealth        | |  1.2

Action                   || total
-------------------------++-------
Melee: Short sword       ||    63
 Fire: Hunting sling     ||    24
Throw: Stone             ||     2
Armor: Leather armour    ||    29
Dodge: Dodged            ||    41
Block: Kite shield       ||    15
